 Seeded DCSS version 0.31-a0-102-g33a4ccc0cb (webtiles) character file.

Game seed: 8267447694808738689 (custom seed)

19701 croobank the Covert (level 12, -3/97 HPs)
             Began as a Gnoll Delver on May 25, 2023.
             Was a Priest of Uskayaw.
             Slain by a skeletal warrior
             ... wielding a +0 flail
              (12 damage)
             ... on level 12 of the Dungeon on May 26, 2023.
             The game lasted 02:50:11 (15577 turns).

croobank the Covert (Gnoll Delver)                 Turns: 15577, Time: 02:50:12

Health: -3/97      AC: 16    Str: 12    XL:     12   Next: 71%
Magic:  20/23      EV: 18    Int: 10    God:    Uskayaw [***...]
Gold:   292        SH: 19    Dex: 24    Spells: 13/26 levels left

rFire   . . .        a - +2 dagger (venom)
rCold   . . .        X - +5 Storm Queen's Shield {shock, Fly rElec}
rNeg    . . .        C - +0 steam dragon scales
rPois   +            r - +2 helmet
rElec   +            (no cloak)
rCorr   .            y - +1 pair of gloves
SInv    .            l - +3 pair of seven-league boots {Rampage+∞}
Will    .....        (no amulet)
Stlth   ++++++       w - +6 ring of dexterity
HPRegen 0.36/turn    K - ring of poison resistance
MPRegen 0.18/turn

%: clarity, rampage+∞
@: flying, hasted, studying Shields, very quick
A: fangs 1, strong nose, distributed training, talons 1, clarity
a: Renounce Religion, Stomp, Line Pass


You were on level 12 of the Dungeon.
You worshipped Uskayaw.
Uskayaw was aware of your devotion.
You visited 1 branch of the dungeon, and saw 12 of its levels.
You also visited: Ossuary and Bailey.

You collected 1598 gold pieces.
You spent 1306 gold pieces at shops.

Inventory:

Hand Weapons
 a - a +2 dagger of venom (weapon)
 b - a +0 orcbow
 d - a +3 heavy long sword
 i - a +0 whip of electrocution
 j - a +0 short sword of venom
 J - a +1 vampiric short sword
 L - a +0 war axe
 O - a +2 whip of freezing
 Q - the +1 dagger of Gesch {distort, rC+}
   (You found it on level 11 of the Dungeon)

   rC:        It protects you from cold.
 R - a +3 trident
Missiles
 u - 3 atropa-tipped darts
 D - 32 poisoned darts (quivered)
 U - 2 javelins
 V - 2 curare-tipped darts
Armour
 l - the +3 pair of seven-league boots (worn) {Rampage+∞}
   (You found it in a bailey)

   Rampage+∞: When moving toward enemies, its wearer moves as far as possible,
   alerting their target en route.
 r - a +2 helmet (worn)
 s - an orb of mayhem
 v - +0 acid dragon scales
 y - a +1 pair of gloves (worn)
 C - +0 steam dragon scales (worn)
 I - a +1 ring mail of fire resistance
 N - the +9 scales of the Dragon King {rPois rF+ rC+ Will+}
   (You found it in a bailey)

   rF:        It protects you from fire.
   rC:        It protects you from cold.
   rPois:     It protects you from poison.
   Will:      It increases your willpower.
 S - a +1 tower shield of fire resistance
 T - a +0 buckler
 X - the +5 Storm Queen's Shield (worn) {shock, Fly rElec}
   (You bought it in a shop on level 10 of the Dungeon)

   Shock:     When it blocks an attack, it may electrocute the attacker.
   This works even against foes who are a short distance away.
   rElec:     It insulates you from electricity.
   Fly:       It grants you flight.
Magical Staves
 P - a staff of conjuration
Jewellery
 o - a ring of protection from fire
 w - a +6 ring of dexterity (left hand)
 z - a ring of flight
 K - a ring of poison resistance (right hand)
 M - the amulet of Nobility {Spirit -Tele +Inv rF+++ Will-}
   (You found it on level 9 of the Dungeon)

   [amulet of guardian spirit]

   It causes incoming damage to be divided between your reserves of health and
   magic.
   rF:        It renders you almost immune to fire.
   +Inv:      It lets you turn invisible.
   -Tele:     It prevents most forms of teleportation.
   Will:      It decreases your willpower.
Wands
 g - a wand of digging (6)
 A - a wand of flame (57)
Scrolls
 c - 3 scrolls of fog
 h - 2 scrolls of poison
 n - 3 scrolls of vulnerability
 p - a scroll of fear
 x - 2 scrolls of teleportation
 H - a scroll of torment {unknown}
 Z - 6 scrolls of identify
Potions
 e - 3 potions of lignification
 f - a potion of haste
 k - 6 potions of enlightenment
 m - 5 potions of brilliance
 q - 3 potions of mutation
 t - 3 potions of invisibility
 B - 3 potions of attraction
 E - 3 potions of curing
 F - 2 potions of might {unknown}
 G - 2 potions of experience {unknown}
 Y - 2 potions of heal wounds {unknown}


   Skills:
 + Level 10.2 Fighting
 + Level 9.1 Short Blades
 + Level 7.8 Long Blades
 + Level 7.8 Axes
 + Level 7.8 Maces & Flails
 + Level 7.8 Polearms
 + Level 7.8 Staves
 + Level 7.8 Ranged Weapons
 + Level 7.8 Throwing
 + Level 7.8 Armour
 + Level 9.1 Dodging
 + Level 12.2 Stealth
 + Level 10.8 Shields
 + Level 7.8 Unarmed Combat
 + Level 7.8 Spellcasting
 + Level 6.5 Conjurations
 + Level 6.5 Hexes
 + Level 6.5 Summonings
 + Level 6.5 Necromancy
 + Level 6.5 Translocations
 + Level 6.5 Transmutations
 + Level 6.5 Fire Magic
 + Level 6.5 Ice Magic
 + Level 6.5 Air Magic
 + Level 6.5 Earth Magic
 + Level 6.5 Poison Magic
 + Level 8.6 Invocations
 + Level 7.8 Evocations


You had 13 spell levels left.
You knew the following spells:

 Your Spells              Type           Power      Damage    Failure   Level
a - Slow                  Hex            64%        N/A       3%          1
b - Confusing Touch       Hex            16%        N/A       9%          3
c - Inner Flame           Hex/Fire       15%        N/A       13%         3
d - Stone Arrow           Conj/Erth      30%        3d8       13%         3
e - Vhi's Electric Charg  Tloc/Air       30%        N/A       13%         3

Your spell library contained the following spells:

 Spells                   Type           Power      Damage    Failure   Level
 Vampiric Draining        Necr           16%        2d7       9%          3
 Animate Armour           Summ/Erth      30%        N/A       38%         4
 Arcjolt                  Conj/Air       7%         1d17      75%         5
 Yara's Violent Unravell  Hex/Tmut       7%         3d5       75%         5
 Conjure Ball Lightning   Conj/Air       7%         3x3d6     100%        6
 Enfeeble                 Hex            8%         N/A       100%        7
 Discord                  Hex            8%         N/A       100%        8
 Disjunction              Tloc           8%         N/A       100%        8
 Lehudib's Crystal Spear  Conj/Erth      7%         10d3      100%        8
 Maxwell's Capacitive Co  Air            8%         ∞         100%        8


Dungeon Overview and Level Annotations

Branches:
Dungeon (12/15)            Temple (0/1) D:5            Lair (0/5) D:11
Ossuary (visited)          Bailey (visited)
    Orc: D:9-12

Altars:
Cheibriados
Dithmenos
Gozag
Uskayaw

Shops:
D:5 *   D:10 [

Annotations:
D:5 2 transporters, gebbletook2's ghost, amateur OpTm
D:9 !six headed hydra


Innate Abilities, Weirdness & Mutations

You have very sharp teeth.
Your uncanny sense of smell can sniff out nearby items.
Your experience applies equally to all skills.
You have sharp toenails.
You possess an exceptional clarity of mind.


Message History

You hit the skeletal warrior but do no damage.
You hit the skeletal warrior but do no damage.
You bite the skeletal warrior, but do no damage.
The skeletal warrior hits you with a +0 mace!
A skeletal warrior comes into view. It is wielding a +0 flail.
You closely miss the skeletal warrior.
You bite the skeletal warrior, but do no damage.
The skeletal warrior hits you with a +0 mace!
Aiming: Line Pass
Press: ? - help, Dir - move target The skeletal warrior appears confused. x4
A wraith comes into view.
The skeletal warrior hits you with a +0 hand axe.
The skeletal warrior hits itself with a +0 hand axe!
You stride towards the skeletal warrior!
You hit the skeletal warrior but do no damage.
Your bite misses the skeletal warrior. You barely miss the skeletal warrior.
The skeletal warrior hits you with a +0 flail!
You hit the skeletal warrior but do no damage.
The skeletal warrior seems less confused. x4
You block the skeletal warrior's attack.
Your shield discharges, shocking the skeletal warrior!
Uskayaw will force your foes to helplessly watch your dance.
The skeletal warrior attacks as you move away!
The skeletal warrior hits you with a +0 flail.
The skeletal warrior hits you with a +0 flail!!
* * * LOW HITPOINT WARNING * * *
You block the skeletal warrior's attack.
There is a stone staircase leading up, spattered with blood here.
Okay, then.
Okay, then.
Okay, then.
Okay, then.
You feel yourself speed up.
You block the skeletal warrior's attack.
The skeletal warrior hits you with a +0 mace!
* * * LOW HITPOINT WARNING * * *
The skeletal warrior hits you with a +0 flail!
You die...

##.. #..###+##
#.......# ##.....
#.......# .......
#.......# .......
#.......# #.....
#z######
#.....####z##...#
#........)z@....#
#.......))z.....#
+.......).......#
######......##...#
#......###########
#(.....#
#####......#
.......)...#
...........#


You could see 4 skeletal warriors.

Vanquished Creatures
  2 stone giants (D:11)
  2 two-headed ogres
  3 centaur warriors (D:11)
  A boulder beetle (D:11)
  An orc knight (Bailey)
  Pikel (D:5)
  A deep elf pyromancer (D:12)
  A wolf spider (D:11)
  A manticore (D:11)
  A cyclops (D:11)
  Joseph (D:7)
  A gargoyle (D:11)
  2 kobold demonologists (D:11)
  A komodo dragon (D:10)
  4 trolls
  Prince Ribbit (D:9)
  A hornet (D:9)
  7 slime creatures (D:11)
  Sigmund (D:5)
  A wraith (D:11)
  A spriggan (shapeshifter) (D:11)
  A shadow (D:9)
  13 yaks
  2 wyverns
  A steam dragon (D:7)
  4 acid dragons
  2 vampire mosquitoes (D:11)
  A water moccasin (D:11)
  2 ice beasts
  11 orc warriors
  3 black bears (D:11)
  2 centaurs
  2 lemures (D:5)
  5 kobold brigands
  An elf zombie (D:7)
  5 bullfrogs
  2 gnoll sergeants
  3 scorpions
  3 wights (D:6)
  7 killer bees
  2 electric eels (D:9)
  4 howler monkeys
  A centaur zombie (Ossuary)
  A human zombie (D:7)
  6 hounds
  2 jellies (D:6)
  7 orc priests
  2 gnoll boudas
  3 iguanas
  A sleepcap (D:4)
  Terence (D:2)
  8 orc wizards
  2 mummies (Ossuary)
  17 gnolls
  5 adders
  A shadow imp (D:7)
  An ufetubus (D:6)
  2 adder zombies (Ossuary)
  A worm (D:3)
  3 dart slugs
  48 orcs
  6 bats
  14 endoplasms
  6 giant cockroaches
  16 goblins
  9 hobgoblins
  9 jackals
  31 kobolds
  8 quokkas
  7 ball pythons
  A frilled lizard (D:2)
  3 goblin zombies (Ossuary)
  10 hobgoblin zombies (Ossuary)
  2 jackal zombies (Ossuary)
  7 kobold zombies (Ossuary)
  2 orc skeletons (D:7)
  13 orc zombies
  6 rats
  A spectral kobold (D:1)
374 creatures vanquished.

Vanquished Creatures (others)
  An orc wizard (D:12)
1 creature vanquished.

Grand Total: 375 creatures vanquished

Notes
Turn   | Place    | Note
-------+----------+-------------------------------------------
     0 | D:5      | Reached skill level 9 in Stealth
     0 | D:5      | croobank the Gnoll Delver began the quest for the Orb.
     0 | D:5      | Reached XP level 1. HP: 23/23 MP: 1/1
     1 | D:6      | Noticed a wight
     1 | D:6      | Noticed a wight
     1 | D:6      | Noticed a wight
     1 | D:6      | Noticed a bullfrog
     2 | D:6      | Killed a wight
     3 | D:6      | Reached skill level 1 in Long Blades
     3 | D:6      | Reached skill level 1 in Axes
     3 | D:6      | Reached skill level 1 in Maces & Flails
     3 | D:6      | Reached skill level 1 in Polearms
     3 | D:6      | Reached skill level 1 in Staves
     3 | D:6      | Reached skill level 1 in Ranged Weapons
     3 | D:6      | Reached skill level 1 in Throwing
     3 | D:6      | Reached skill level 1 in Armour
     3 | D:6      | Reached skill level 1 in Shields
     3 | D:6      | Reached skill level 1 in Unarmed Combat
     3 | D:6      | Reached skill level 1 in Spellcasting
     3 | D:6      | Reached skill level 1 in Invocations
     3 | D:6      | Reached skill level 1 in Evocations
     3 | D:6      | Reached XP level 2. HP: 29/29 MP: 1/3
     3 | D:6      | Reached XP level 3. HP: 35/35 MP: 1/4
   233 | D:3      | Reached XP level 4. HP: 41/41 MP: 5/5
   370 | D:3      | Reached skill level 1 in Conjurations
   370 | D:3      | Reached skill level 1 in Hexes
   370 | D:3      | Reached skill level 1 in Summonings
   370 | D:3      | Reached skill level 1 in Necromancy
   370 | D:3      | Reached skill level 1 in Translocations
   370 | D:3      | Reached skill level 1 in Transmutations
   370 | D:3      | Reached skill level 1 in Fire Magic
   370 | D:3      | Reached skill level 1 in Ice Magic
   370 | D:3      | Reached skill level 1 in Air Magic
   370 | D:3      | Reached skill level 1 in Earth Magic
   370 | D:3      | Reached skill level 1 in Poison Magic
   391 | D:2      | Noticed Terence
   402 | D:2      | Killed Terence
   548 | D:1      | Reached XP level 5. HP: 47/47 MP: 7/7
  1173 | D:1      | Found a faded altar of an unknown god.
  1177 | D:1      | Prayed at the altar of an unknown god.
  1177 | D:1      | Became a worshipper of Uskayaw the Reveller
  1177 | D:1      | Reached * piety under Uskayaw
  1203 | D:1      | Reached ** piety under Uskayaw
  2006 | D:2      | Identified a scroll of acquirement
  2006 | D:2      | Acquired 690 gold pieces
  2640 | D:3      | Reached XP level 6. HP: 43/53 MP: 8/8
  2882 | D:3      | Reached skill level 5 in Short Blades
  2882 | D:3      | Reached skill level 5 in Dodging
  3508 | D:4      | Reached XP level 7. HP: 60/60 MP: 10/10
  3553 | D:4      | Found a snail-covered altar of Cheibriados.
  3553 | D:4      | Found an opulent altar of Gozag.
  3897 | D:5      | Found a transporter.
  3898 | D:5      | Found Odoirch's General Store.
  4043 | D:5      | Reached skill level 10 in Stealth
  4083 | D:5      | Learned a level 1 spell: Slow
  4083 | D:5      | Found a staircase to the Ecumenical Temple.
  4085 | D:5      | Noticed Sigmund
  4094 | D:5      | Killed Sigmund
  4141 | D:5      | Reached XP level 8. HP: 44/67 MP: 10/12
  4271 | D:5      | Reached *** piety under Uskayaw
  4275 | D:5      | Reached **** piety under Uskayaw
  4289 | D:5      | Noticed Pikel
  4307 | D:5      | Found a transporter.
  4307 | D:5      | Noticed gebbletook2's ghost (amateur OpTm)
  4322 | D:5      | Found a transporter.
  4637 | D:5      | Killed Pikel
  4704 | D:5      | Found a transporter.
  4749 | D:5      | Bought a potion of curing for 45 gold pieces
  4749 | D:5      | Bought a scroll of identify for 30 gold pieces
  4764 | D:6      | Noticed a yak
  4766 | D:6      | Noticed a yak
  4768 | D:6      | Noticed a yak
  4769 | D:6      | Noticed a yak
  4772 | D:6      | Killed a yak
  4773 | D:6      | Reached skill level 5 in Shields
  4774 | D:6      | Killed a yak
  4775 | D:6      | Reached XP level 9. HP: 73/73 MP: 13/15
  5335 | D:7      | Found a sand-covered staircase.
  5340 | Ossuary  | Entered an ossuary
  6075 | D:7      | Reached skill level 5 in Invocations
  6176 | D:7      | Noticed Joseph
  6188 | D:7      | Killed Joseph
  7074 | D:6      | Reached skill level 5 in Long Blades
  7074 | D:6      | Reached skill level 5 in Axes
  7074 | D:6      | Reached skill level 5 in Maces & Flails
  7074 | D:6      | Reached skill level 5 in Polearms
  7074 | D:6      | Reached skill level 5 in Staves
  7074 | D:6      | Reached skill level 5 in Ranged Weapons
  7074 | D:6      | Reached skill level 5 in Throwing
  7074 | D:6      | Reached skill level 5 in Armour
  7074 | D:6      | Reached skill level 5 in Unarmed Combat
  7074 | D:6      | Reached skill level 5 in Spellcasting
  7074 | D:6      | Reached skill level 5 in Evocations
  7208 | D:6      | Reached XP level 10. HP: 56/81 MP: 17/17
  8077 | D:8      | Learned a level 3 spell: Confusing Touch
  8125 | D:9      | Identified the amulet of Nobility {Spirit -Tele +Inv rF+++
                  | Will-}
  8330 | D:8      | Gained mutation: You occasionally lose the ability to read
                  | scrolls when taking damage. [potion of mutation]
  8331 | D:8      | Lost mutation: You occasionally lose the ability to read
                  | scrolls when taking damage. [potion of mutation]
  8331 | D:8      | Gained mutation: You possess an exceptional clarity of
                  | mind. [potion of mutation]
  8331 | D:8      | Gained mutation: You have sharp toenails. [potion of
                  | mutation]
  8809 | D:9      | Noticed Prince Ribbit
  8821 | D:9      | Killed Prince Ribbit
  8940 | D:9      | Reached skill level 11 in Stealth
  8942 | D:9      | Noticed a six-headed hydra
  9212 | D:9      | Noticed a two-headed ogre
  9221 | D:9      | Killed a two-headed ogre
  9521 | D:10     | Entered Level 10 of the Dungeon
  9521 | D:10     | Found Synynig's Antique Armour Emporium.
  9571 | D:10     | Found a flagged portal.
  9624 | D:10     | Learned a level 3 spell: Inner Flame
  9625 | Bailey   | Entered a bailey
  9751 | Bailey   | Noticed an orc knight
  9873 | Bailey   | Learned a level 3 spell: Stone Arrow
  9877 | Bailey   | Learned a level 3 spell: Vhi's Electric Charge
  9959 | Bailey   | Killed an orc knight
 10234 | Bailey   | Reached skill level 5 in Conjurations
 10234 | Bailey   | Reached skill level 5 in Hexes
 10234 | Bailey   | Reached skill level 5 in Summonings
 10234 | Bailey   | Reached skill level 5 in Necromancy
 10234 | Bailey   | Reached skill level 5 in Translocations
 10234 | Bailey   | Reached skill level 5 in Transmutations
 10234 | Bailey   | Reached skill level 5 in Fire Magic
 10234 | Bailey   | Reached skill level 5 in Ice Magic
 10234 | Bailey   | Reached skill level 5 in Air Magic
 10234 | Bailey   | Reached skill level 5 in Earth Magic
 10234 | Bailey   | Reached skill level 5 in Poison Magic
 10237 | Bailey   | Reached XP level 11. HP: 17/89 MP: 16/20
 10490 | Bailey   | Found the +3 pair of seven-league boots {Rampage+∞}
 10490 | Bailey   | Found the +9 scales of the Dragon King {rPois rF+ rC+
                  | Will+}
 10594 | D:10     | Found a shadowy altar of Dithmenos.
 11848 | D:10     | Upgraded the game from 0.31-a0-95-g6fa058ef04 to
                  | 0.31-a0-102-g33a4ccc0cb
 12899 | D:11     | Noticed a sixfirhy
 13004 | D:11     | Found a staircase to the Lair.
 13024 | D:11     | Reached ***** piety under Uskayaw
 13047 | D:11     | Reached ****** piety under Uskayaw
 13261 | D:10     | Bought the +5 Storm Queen's Shield {shock, Fly rElec} for
                  | 1231 gold pieces
 13261 | D:10     | Found the +5 Storm Queen's Shield {shock, Fly rElec}
 13386 | D:11     | Noticed a cyclops
 13417 | D:11     | Killed a cyclops
 13798 | D:11     | Noticed a stone giant
 13822 | D:11     | Killed a stone giant
 13989 | D:11     | Noticed a manticore
 13999 | D:11     | Killed a manticore
 14001 | D:11     | Noticed a centaur warrior
 14288 | D:11     | Noticed a stone giant
 14288 | D:11     | Noticed a centaur warrior
 14288 | D:11     | Noticed a wolf spider
 14296 | D:11     | Killed a stone giant
 14297 | D:11     | Reached XP level 12. HP: 6/97 MP: 19/22
 14297 | D:11     | Killed a centaur warrior
 14299 | D:11     | Reached skill level 10 in Shields
 14645 | D:11     | Noticed a boulder beetle
 14664 | D:11     | Killed a boulder beetle
 14665 | D:11     | Reached skill level 12 in Stealth
 14860 | D:11     | Reached skill level 10 in Fighting
 14965 | D:11     | Noticed a two-headed ogre
 14983 | D:11     | Killed a two-headed ogre
 15176 | D:11     | Noticed a centaur warrior
 15179 | D:11     | Killed a centaur warrior
 15252 | D:11     | Identified the +1 dagger of Gesch {distort, rC+}
 15279 | D:11     | Killed a centaur warrior
 15577 | D:12     | Slain by a skeletal warrior

Illustrated notes

Levels and vault maps discovered:
D:1:      minmay_arrival_four_loops, layout_basic,
          dreamdust_ecumenical_altar_drowned_temple
D:2:      minmay_skewed_foursquare, layout_rooms, nrook_mini_vaults,
          uniq_terence
D:3:      layout_loops_cross
D:4:      minmay_recursive_quarters, layout_loops_ring,
          gammafunk_temple_overflow_pools, minmay_manual_mullet
D:5:      layout_loops_ring, minmay_temple_entry_arrows, serial_shops,
          nicolae_shop_drivethru, gammafunk_ghost_arena,
          kennysheep_generic_room_2, uniq_pikel, uniq_sigmund
D:6:      layout_basic
D:7:      layout_basic, nicolae_ossuary_entry_catacombs, hex_intersection,
          dk_noncrumbling_3, uniq_joseph
D:8:      layout_cave_pods
D:9:      layout_loops_ring, serial_rivers, chequers_serial_rivers_small_a,
          chequers_serial_rivers_micro_b, chequers_serial_rivers_small_a,
          chequers_serial_rivers_micro_e, kennysheep_cluttered_room,
          serial_bayou_pond_d, fungi_pond_lemuel, kennysheep_flooded_box,
          uniq_prince_ribbit1
D:10:     layout_grid_maze, lemuel_round_altar, enter_bailey_5, serial_shops,
          nicolae_square_shop
D:11:     layout_stronghold, due_lair_maze_entry_diamond, nicolae_rejected_hall
D:12:     layout_gridville, orc_0_dummy, doesnt_xom_only_xom, uniq_josephine

Skill      XL: |  1  2  3  4  5  6  7  8  9 10 11 12 |
---------------+-------------------------------------+-----
Stealth        | 10 11 12 | 12.2
Long Blades    | 1 2 3 4 5 6 7 |  7.8
Axes           | 1 2 3 4 5 6 7 |  7.8
Maces & Flails | 1 2 3 4 5 6 7 |  7.8
Polearms       | 1 2 3 4 5 6 7 |  7.8
Staves         | 1 2 3 4 5 6 7 |  7.8
Ranged Weapons | 1 2 3 4 5 6 7 |  7.8
Throwing       | 1 2 3 4 5 6 7 |  7.8
Armour         | 1 2 3 4 5 6 7 |  7.8
Shields        | 1 2 3 5 6 8 9 10 | 10.8
Unarmed Combat | 1 2 3 4 5 6 7 |  7.8
Spellcasting   | 1 2 3 4 5 6 7 |  7.8
Invocations    | 1 2 3 4 5 6 7 8 |  8.6
Evocations     | 1 2 3 4 5 6 7 |  7.8
Conjurations   | 1 2 3 4 5 6 |  6.5
Hexes          | 1 2 3 4 5 6 |  6.5
Summonings     | 1 2 3 4 5 6 |  6.5
Necromancy     | 1 2 3 4 5 6 |  6.5
Translocations | 1 2 3 4 5 6 |  6.5
Transmutations | 1 2 3 4 5 6 |  6.5
Fire Magic     | 1 2 3 4 5 6 |  6.5
Ice Magic      | 1 2 3 4 5 6 |  6.5
Air Magic      | 1 2 3 4 5 6 |  6.5
Earth Magic    | 1 2 3 4 5 6 |  6.5
Poison Magic   | 1 2 3 4 5 6 |  6.5
Short Blades   | 5 6 7 8 9 |  9.1
Dodging        | 5 6 7 8 9 |  9.1
Fighting       | 7 8 9 10 | 10.2

Action                     |  1- 3 |  4- 6 |  7- 9 | 10-12 || total
---------------------------+-------+-------+-------+-------++-------
  Melee: Short sword       |     9 |       |       |       ||     9
         Dagger            |     3 |   255 |   386 |   624 ||  1268
         Bite              |       |    13 |    60 |   125 ||   198
         Punch             |       |     5 |    20 |    26 ||    51
         Trident           |       |       |       |    31 ||    31
         Orcbow            |       |       |       |     1 ||     1
   Fire: Arbalest          |       |       |     3 |       ||     3
         Orcbow            |       |       |       |   140 ||   140
  Throw: Dart              |       |       |     1 |     8 ||     9
   Cast: Slow              |       |       |     7 |     3 ||    10
         Vhi's Electric Ch |       |       |       |     4 ||     4
         Confusing Touch   |       |       |       |     2 ||     2
         Stone Arrow       |       |       |       |     2 ||     2
 Invoke: Stomp             |       |       |     5 |     2 ||     7
         Line Pass         |       |       |       |     3 ||     3
  Evoke: Wand              |       |       |     3 |    10 ||    13
    Use: Scroll            |       |     7 |     6 |    11 ||    24
         Potion            |       |       |     3 |     8 ||    11
   Stab: Sleeping          |     5 |    34 |    18 |     4 ||    61
         Paralysed         |       |       |     4 |    24 ||    28
         Invisible         |       |       |     2 |     1 ||     3
         Distracted        |       |       |     1 |       ||     1
         Confused          |       |       |       |     2 ||     2
 Armour: Leather armour    |     1 |    47 |    60 |       ||   108
         Ring mail         |       |       |    23 |    63 ||    86
         Steam dragon scal |       |       |       |   121 ||   121
         Gold dragon scale |       |       |       |    56 ||    56
  Dodge: Dodged            |     2 |   130 |   191 |   418 ||   741
  Block: Kite shield       |       |       |       |   143 ||   143

Table legend: (Time is in decaauts)
 A = Elapsed time spent in this place.
 B = Non-inter-level travel time spent in this place.
 C = Inter-level travel time spent in this place.
 D = Time resting spent in this place.
 E = Time spent auto-exploring this place.
 F = Levels seen in this place.
 G = Mean time per level.
                   A        B        C        D        E       F      G
               +--------+--------+--------+--------+--------+-----+--------+
         Total |  15270 |  14657 |    613 |   3821 |   6881 |  14 | 1090.7 |
       Dungeon |  13778 |  13165 |    613 |   3160 |   6724 |  12 | 1148.2 |
       Ossuary |    601 |    601 |      0 |    167 |    100 |   1 |  601.0 |
        Bailey |    890 |    890 |      0 |    494 |     57 |   1 |  890.0 |
               +--------+--------+--------+--------+--------+-----+--------+

Top non-repeatable levels by time:
    D:11: 3177 daAuts
    D:10: 1750 daAuts
     D:4: 1239 daAuts
     D:7: 1036 daAuts
     D:3: 1027 daAuts
     D:9: 1008 daAuts
     D:6: 968 daAuts
     D:5: 959 daAuts
     D:8: 910 daAuts
  Bailey: 890 daAuts
     D:1: 881 daAuts
     D:2: 784 daAuts
 Ossuary: 601 daAuts
    D:12: 36 daAuts
